 Dungeon Crawl Stone Soup version 0.28-a0-172-g787e458d71 (webtiles) character file.

Game seed: 1445167175942203454

71219 pkoi the Black Belt (level 14, -16/118 HPs)
             Began as a Red Draconian Monk on Aug 16, 2021.
             Was the Champion of Dithmenos.
             Demolished by a kraken (31 damage)
             ... on level 3 of the Shoals on Aug 17, 2021.
             The game lasted 00:48:39 (26856 turns).

pkoi the Black Belt (Red Draconian Monk)           Turns: 26856, Time: 00:48:39

Health: -16/118    AC: 19    Str: 11    XL:     14   Next: 97%
Magic:  16/19      EV: 17    Int: 16    God:    Dithmenos [******]
Gold:   201        SH:  0    Dex: 14    Spells: 4/20 levels left

rFire   + . .      SeeInvis .     - Unarmed
rCold   . . .      Faith    .   (shield currently unavailable)
rNeg    . . .      Spirit   .   (armour unavailable)
rPois   +          Reflect  .   J - +1 hat {Will+}
rElec   .          Harm     .   s - +2 cloak {rPois}
rCorr   .          Rampage  .   (gloves currently unavailable)
Will    ++...                   H - +2 pair of boots
Stlth   ++++......              B - amulet of regeneration
HPRegen 1.29/turn               I - +4 ring of protection
MPRegen 0.16/turn               p - ring of flight

@: blade hands, flying, wreathed by umbra
A: breathe fire, AC +8, unfitting armour, fire resistance 1, cold-blooded, horns
1, weak 1
a: Breathe Fire, End Transformation, Renounce Religion, Shadow Step, Shadow Form


You were on level 3 of the Shoals.
You worshipped Dithmenos.
Dithmenos was exalted by your worship.
You had blades for hands.
You visited 4 branches of the dungeon, and saw 20 of its levels.
You also visited: Sewer and Ice Cave.

You collected 1280 gold pieces.
You spent 1079 gold pieces at shops.

Inventory:

Missiles
 d - 2 throwing nets
 F - 4 javelins
 K - 25 poisoned darts (quivered)
Armour
 a - a +1 pair of gloves (melded)
 e - a scarf of invisibility
 s - a +2 cloak of poison resistance (worn)
 H - a +2 pair of boots (worn)
 J - a +1 hat of willpower (worn)
Jewellery
 h - a ring of fire
 p - a ring of flight (right blade hand)
 r - an amulet of guardian spirit
 A - an amulet of faith
 B - an amulet of regeneration (around neck)
 I - a +4 ring of protection (left blade hand)
 O - a ring of protection from cold
Wands
 c - a wand of polymorph (14)
 v - a wand of flame (20)
 w - a wand of mindburst (13)
 y - a wand of paralysis (9)
 C - a wand of acid (12)
 E - a wand of charming (18)
 G - a wand of iceblast (17)
 N - a wand of digging (4)
Scrolls
 b - 16 scrolls of identify
 i - 2 scrolls of fog
 j - 2 scrolls of fear
 n - 4 scrolls of teleportation
 t - 5 scrolls of magic mapping
 u - 7 scrolls of summoning
 z - 2 scrolls of amnesia
 L - a scroll of brand weapon
 M - a scroll of enchant weapon
 P - a scroll of blinking
Potions
 f - 3 potions of resistance
 g - 3 potions of haste
 k - 3 potions of heal wounds
 l - a potion of curing
 m - a potion of brilliance
 o - 2 potions of magic
 q - a potion of invisibility
 x - 3 potions of might


   Skills:
 - Level 9.6 Fighting
 - Level 11.7 Dodging
 - Level 4.0 Stealth
 - Level 17.3 Unarmed Combat
 - Level 3.5 Spellcasting
 - Level 3.0 Translocations
 + Level 10.2 Transmutations
 - Level 6.1 Fire Magic
 - Level 2.0 Poison Magic


You had 4 spell levels left.
You knew the following spells:

 Your Spells              Type           Power      Damage    Failure   Level
a - Ignite Poison         Fire/Tmut/Pois 22%        N/A       30%         3
b - Dragon Form           Tmut           17%        N/A       99%         7
c - Apportation           Tloc           24%        N/A       32%         1
d - Blade Hands           Tmut           17%        N/A       41%         5

Your spell library contained the following spells:

 Spells                   Type           Power      Damage    Failure   Level
 Sting                    Tmut/Pois      88%        1d7       19%         1
 Animate Skeleton         Necr           4%         N/A       61%         1
 Corona                   Hex            2%         N/A       61%         1
 Freeze                   Ice            8%         1d3       61%         1
 Sandblast                Erth           4%         2d4       61%         1
 Summon Small Mammal      Summ           8%         N/A       61%         1
 Portal Projectile        Hex/Tloc       14%        N/A       71%         3
 Ozocubu's Armour         Ice            2%         N/A       86%         3
 Tukima's Dance           Hex            2%         N/A       86%         3
 Cause Fear               Hex            1%         N/A       99%         4
 Alistair's Intoxication  Tmut/Pois      14%        N/A       80%         5
 Metabolic Englaciation   Hex/Ice        1%         N/A       100%        5
 Invisibility             Hex            1%         N/A       100%        6
 Iron Shot                Conj/Erth      1%         9d1       100%        6
 Simulacrum               Ice/Necr       1%         N/A       100%        6
 Discord                  Hex            1%         N/A       100%        8
 Dragon's Call            Summ           1%         N/A       100%        9
 Animate Armour           Summ/Erth      Unusable   N/A       N/A         4

Dungeon Overview and Level Annotations

Branches:
Dungeon (10/15)            Temple (1/1) D:4            Lair (6/6) D:8
 Shoals (3/4) Lair:4        Snake (0/4) Lair:4        Slime (0/5) Lair:6
    Orc (0/2) D:9           Sewer (visited)           IceCv (visited)

Altars:
Ashenzari
Cheibriados
Dithmenos
Elyvilon
Fedhas
Gozag
Hepliaklqana
Kikubaaqudgha
Makhleb
Nemelex Xobeh
Okawaru
Qazlal
Ru
Sif Muna
Trog
Uskayaw
Vehumet
Wu Jian
Xom
Yredelemnul
Zin
The Shining One
Beogh
Lugonu

Shops:
D:1 (   D:7 *   D:9 (!   D:10 *   Shoals:2 :   Shoals:3 [!


Innate Abilities, Weirdness & Mutations

You have blades for hands.
Your spellcasting is less reliable in this form.
You are incapable of wielding weapons or throwing items.
You can breathe blasts of fire.
Your fiery red scales are hard. (AC +8)
You cannot fit into any form of body armour.
Your flesh is heat resistant. (rF+)
You are cold-blooded and may be slowed by cold attacks.
You have a pair of small horns on your head.
You are weak. (Str -2)


Message History

You slice the tentacle!! You tail-slap the tentacle.
The tentacle is moderately wounded.
Your shadow barely misses the tentacle.
The tentacle slaps you but does no damage.
Unknown command.
You hit the tentacle. You headbutt the tentacle.
You tail-slap the tentacle, but do no damage.
The tentacle is heavily wounded.
The tentacle closely misses you.
You shred the tentacle!!!
You kill the tentacle!
You can't do that in your present form.
Tentacles burst out of the water! 4 tentacles come into view.
The tentacle slaps you!
The tentacle slaps you but does no damage. x2
The kraken misses you.
You slice the kraken!!
The kraken is severely wounded.
You have got your breath back.
The tentacle slaps you!! The tentacle closely misses you.
The tentacle slaps you! The tentacle barely misses you.
The kraken bites you but does no damage.
You slice the kraken!!
The kraken is almost dead.
The tentacle slaps you but does no damage.
The tentacle barely misses you. The tentacle slaps you!
* * * LOW HITPOINT WARNING * * *
The tentacle slaps you!
* * * LOW HITPOINT WARNING * * *
The kraken misses you. The tentacle misses you. The tentacle slaps you.
* * * LOW HITPOINT WARNING * * *
The tentacle barely misses you. The tentacle closely misses you.
You hit the kraken.
You headbutt the kraken, but do no damage.
You tail-slap the kraken, but do no damage.
The kraken is almost dead.
Your shadow hits the kraken but does no damage.
The kraken bites you!!
You die...

≈≈≈≈≈≈≈≈≈≈≈≈≈≈≈≈≈≈≈≈≈≈≈≈
≈≈≈≈≈≈≈≈≈≈≈≈≈≈≈≈≈≈≈≈≈≈≈≈
≈≈≈≈≈≈≈≈≈≈≈≈≈≈≈≈≈≈≈≈≈≈..
≈≈≈≈≈≈≈≈≈≈≈≈≈≈≈≈≈≈≈≈≈.#
≈≈≈≈≈≈≈≈≈≈≈≈≈≈≈≈≈≈≈≈.#
≈≈≈≈≈≈≈≈≈≈≈≈≈≈≈≈≈≈≈≈.#
≈≈≈≈≈≈≈≈≈≈≈≈≈≈≈wXw≈≈(#
≈≈≈≈≈(≈≈≈≈≈≈≈≈≈w@w≈≈.#
≈≈≈≈≈.<≈≈≈≈≈≈≈≈≈≈≈≈.##
[≈≈≈.)....≈≈≈≈≈≈≈≈≈.#
≈≈≈≈.##..≈≈≈≈≈≈≈..$##
≈≈≈..###...≈≈≈≈..###
≈....# #....≈≈[.##
≈....≈≈≈≈.≈≈≈≈.##
..##..≈≈≈≈≈≈≈..#
#####.≈≈≈≈≈≈≈≈.#


You could see a kraken and 4 tentacles.

Vanquished Creatures
  3 merfolk impalers
  6 hydras
  A boulder beetle (Lair:4)
  Harold (D:7)
  7 death yaks
  A two-headed ogre (D:8)
  Nergalle (Lair:4)
  A fire crab (Lair:6)
  3 sea snakes
  9 harpies
  2 oklob plants (Lair:3)
  A cyclops (Shoals:1)
  2 fauns (Shoals:2)
  4 manticores
  5 elephants (Lair:6)
  2 merfolk sirens (Shoals:2)
  An ice statue (IceCv)
  A guardian serpent (Lair:4)
  8 black mambas
  2 rust devils
  A molten gargoyle (Lair:6)
  13 cane toads
  8 komodo dragons
  3 kobold demonologists
  A rime drake (Lair:4)
  3 entropy weaver simulacra (IceCv)
  11 merfolk
  2 wind drakes
  A polar bear (Lair:6)
  3 dream sheep (Shoals:1)
  2 snapping turtles
  18 blink frogs
  A shadow (D:9)
  A wraith (Shoals:1)
  Eustachio (D:4)
  67 yaks
  A spriggan (D:8)
  5 wyverns
  6 basilisks
  4 steam dragons
  4 vampire mosquitoes
  Menkaure (D:7)
  2 death yak simulacra (IceCv)
  A harpy simulacrum (IceCv)
  An acid dragon (D:10)
  16 water moccasins
  Duvessa (D:4)
  An ice beast (D:6)
  6 orc warriors
  5 black bears
  Purgy (D:3)
  3 ogres
  19 wolves
  6 kobold brigands
  17 bullfrogs
  5 scorpions
  Dowan (D:4)
  A two-headed ogre simulacrum (IceCv)
  A water moccasin zombie (D:6)
  2 cane toad simulacra (IceCv)
  23 killer bees
  An elephant simulacrum (IceCv)
  A howler monkey (D:8)
  2 lava snakes (Lair:6)
  3 centaur zombies
  5 jellies
  A gnoll shaman (D:4)
  12 orc priests
  5 hounds
  A bullfrog skeleton (D:4)
  5 iguanas
  A scorpion zombie (D:5)
  3 orc wizards
  5 polar bear simulacra (IceCv)
  7 spriggan simulacra (IceCv)
  4 troll simulacra (IceCv)
  A wolf simulacrum (IceCv)
  3 howler monkey zombies
  8 gnolls
  3 river rats
  5 adders
  3 naga simulacra (IceCv)
  5 white imps (IceCv)
  4 ufetubi
  An adder skeleton (D:4)
  2 worms (Sewer)
  A dart slug (D:1)
  47 orcs
  6 ball pythons
  10 endoplasms
  3 giant cockroaches
  2 goblins (D:4)
  7 hobgoblins
  2 jackals (D:3)
  2 quokkas
  4 bats
  2 frilled lizards
  13 kobolds
  5 rats
  3 tentacles (Shoals:3)
528 creatures vanquished.

Vanquished Creatures (others)
  2 yaks (Lair:6)
  A bush (Lair:2)
  64 fungi
  130 plants
  A tentacle (Shoals:3)
198 creatures vanquished.

Grand Total: 726 creatures vanquished

Notes
Turn   | Place    | Note
-------+----------+-------------------------------------------
     0 | D:1      | pkoi the Draconian Monk began the quest for the Orb.
     0 | D:1      | Reached XP level 1. HP: 19/19 MP: 1/1
     1 | D:1      | Got the Volume of Enchanting Venom
   474 | D:1      | Reached XP level 2. HP: 26/26 MP: 2/2
   808 | D:1      | Found Muiss's Weapon Emporium.
  1096 | D:2      | Reached skill level 4 in Unarmed Combat
  1098 | D:2      | Reached XP level 3. HP: 14/31 MP: 3/3
  2211 | D:2      | Reached skill level 5 in Unarmed Combat
  2211 | D:2      | Reached XP level 4. HP: 25/38 MP: 4/4
  2476 | D:3      | Found a faded altar of an unknown god.
  2572 | D:3      | Reached XP level 5. HP: 45/45 MP: 5/5
  2826 | D:3      | Found a basalt altar of Yredelemnul.
  3059 | D:4      | Reached skill level 6 in Unarmed Combat
  3504 | D:4      | Found a shadowy altar of Dithmenos.
  3507 | D:4      | Noticed Eustachio
  3507 | D:4      | Noticed Duvessa
  3510 | D:4      | Noticed Dowan
  3563 | D:4      | Reached XP level 6. HP: 37/51 MP: 6/6
  3753 | D:4      | Noticed Purgy
  3774 | D:3      | Gained mutation: You have a pair of small horns on your
                  | head. [potion of mutation]
  3774 | D:3      | Gained mutation: You are weak. (Str -2) [potion of
                  | mutation]
  3788 | D:3      | Killed Purgy
  3789 | D:3      | Reached skill level 7 in Unarmed Combat
  4001 | D:4      | Killed Duvessa
  4020 | D:4      | HP: 2/51 [Dowan (2)]
  4024 | D:4      | Killed Dowan
  4025 | D:4      | Your scales start taking on a fiery red colour.
  4025 | D:4      | Reached XP level 7. HP: 3/57 MP: 7/7
  4025 | D:4      | Gained mutation: Your flesh is heat resistant. (rF+) [Red
                  | Draconian growth]
  4482 | D:4      | Killed Eustachio
  4483 | D:4      | Reached skill level 8 in Unarmed Combat
  5172 | D:4      | Found a staircase to the Ecumenical Temple.
  5515 | D:4      | Became a worshipper of Dithmenos the Shadowed
  5515 | D:4      | Reached * piety under Dithmenos
  5515 | D:4      | Reached ** piety under Dithmenos
  5551 | D:5      | Entered Level 5 of the Dungeon
  5960 | D:5      | Found a sparkling altar of Nemelex Xobeh.
  5960 | D:5      | Found an opulent altar of Gozag.
  6113 | D:5      | Reached XP level 8. HP: 63/63 MP: 8/8
  6297 | D:5      | Reached skill level 9 in Unarmed Combat
  6511 | D:5      | Reached skill level 5 in Dodging
  6778 | D:6      | Found a shimmering blue altar of Sif Muna.
  6858 | D:6      | Found an ornate altar of the Wu Jian Council.
  7168 | D:6      | Found a glowing drain.
  7183 | D:6      | Reached *** piety under Dithmenos
  7217 | Sewer    | Entered a sewer
  7540 | Sewer    | Reached skill level 10 in Unarmed Combat
  8458 | D:7      | Reached XP level 9. HP: 70/72 MP: 9/9
  8534 | D:7      | Found a hazy altar of Hepliaklqana.
  8721 | D:7      | Noticed Menkaure
  8724 | D:7      | Killed Menkaure
  9014 | D:7      | Found Obriow's General Store.
  9081 | D:7      | Found a stormy altar of Qazlal.
  9337 | D:6      | Noticed a rust devil
  9337 | D:6      | Noticed a rust devil
  9346 | D:7      | Reached skill level 5 in Fighting
  9388 | D:7      | Noticed Harold
  9399 | D:7      | Killed Harold
  9400 | D:7      | Reached skill level 11 in Unarmed Combat
  9818 | D:8      | Reached **** piety under Dithmenos
 10248 | D:7      | Reached XP level 10. HP: 76/83 MP: 10/10
 10784 | D:8      | Noticed a two-headed ogre
 10792 | D:8      | Killed a two-headed ogre
 10793 | D:8      | Reached skill level 12 in Unarmed Combat
 10838 | D:8      | Found a staircase to the Lair.
 11164 | D:8      | Found a shimmering altar of Xom.
 11871 | D:9      | Found a staircase to the Orcish Mines.
 11876 | D:9      | Found a sacrificial altar of Ru.
 11932 | D:9      | Found Misovo's Antique Weapon Shoppe.
 11942 | D:9      | Found a broken altar of Ashenzari.
 12139 | D:9      | Found Miuq's Distillery.
 12149 | D:9      | Reached skill level 14 in Unarmed Combat
 12149 | D:9      | Reached XP level 11. HP: 91/91 MP: 11/11
 12198 | D:9      | Bought a potion of curing for 39 gold pieces
 12212 | D:9      | Reached skill level 15 in Unarmed Combat
 12744 | D:9      | Reached ***** piety under Dithmenos
 13192 | Lair:1   | Entered Level 1 of the Lair of Beasts
 13326 | Lair:1   | Reached XP level 12. HP: 73/97 MP: 12/12
 13421 | Lair:1   | Learned a level 3 spell: Ignite Poison
 13512 | Lair:1   | Reached skill level 1 in Fire Magic
 13532 | Lair:1   | Reached skill level 1 in Poison Magic
 13867 | Lair:1   | Reached skill level 1 in Spellcasting
 13867 | Lair:1   | Reached skill level 1 in Transmutations
 15347 | Lair:2   | You fall into a shaft and drop 2 floors!
 15490 | Lair:3   | Noticed a death yak
 15524 | Lair:2   | Killed a death yak
 15525 | Lair:2   | Reached skill level 16 in Unarmed Combat
 15601 | Lair:3   | Noticed a death yak
 15602 | Lair:3   | Noticed a death yak
 15610 | Lair:3   | Found a frozen archway.
 15614 | IceCv    | Entered an ice cave
 16254 | IceCv    | Learned a level 7 spell: Dragon Form
 16272 | IceCv    | Noticed a reaper
 16866 | Lair:2   | Killed a death yak
 17025 | Lair:2   | Reached XP level 13. HP: 107/107 MP: 18/18
 18244 | Lair:3   | Reached ****** piety under Dithmenos
 18345 | Lair:3   | Reached skill level 5 in Transmutations
 18660 | Lair:2   | Learned a level 1 spell: Apportation
 18750 | Lair:3   | Reached skill level 10 in Dodging
 19723 | Lair:4   | Found a staircase to the Snake Pit.
 19734 | Lair:4   | Noticed Nergalle
 19765 | Lair:4   | Killed Nergalle
 19766 | Lair:4   | Reached skill level 17 in Unarmed Combat
 20377 | Lair:4   | Found a staircase to the Shoals.
 20647 | Lair:5   | Reached XP level 14. HP: 109/115 MP: 19/19
 20795 | Lair:5   | Reached skill level 1 in Translocations
 21102 | Lair:6   | Entered Level 6 of the Lair of Beasts
 21330 | Lair:6   | Found a staircase to the Slime Pits.
 22472 | D:10     | Entered Level 10 of the Dungeon
 22765 | Temple   | Entered the Ecumenical Temple
 22949 | D:6      | Got Sif Muna's Compendium of the Mountains
 22951 | D:6      | Got Sif Muna's Grimoire of Intoxication and Changing
 22954 | D:6      | Got Sif Muna's Volume of Ice
 23451 | D:10     | Reached skill level 5 in Fire Magic
 23587 | D:10     | Found Zin's Purification Station.
 23587 | D:10     | Found a glowing silver altar of Zin.
 23690 | D:10     | Found a snail-covered altar of Cheibriados.
 23690 | D:10     | Found a radiant altar of Vehumet.
 23692 | D:10     | Found a blossoming altar of Fedhas.
 23692 | D:10     | Found an iron altar of Okawaru.
 24001 | D:7      | Bought a scroll of acquirement for 572 gold pieces
 24002 | D:7      | Acquired a +1 hat of willpower
 24145 | Shoals:1 | Entered Level 1 of the Shoals
 25614 | Shoals:2 | Found Luink's Book Shoppe.
 26025 | Shoals:2 | Bought a book of Iron for 468 gold pieces
 26031 | Shoals:2 | Learned a level 5 spell: Blade Hands
 26601 | Shoals:3 | Found Ynager's Distillery.
 26657 | Shoals:3 | Found Keseghul's Antique Armour Boutique.
 26703 | Shoals:3 | Reached skill level 10 in Transmutations
 26830 | Shoals:3 | Noticed a kraken
 26856 | Shoals:3 | Demolished by a kraken

Illustrated notes

Levels and vault maps discovered:
D:1:      minmay_arrival_nine_rooms, layout_loops_ring, serial_shops, shop
D:2:      layout_rooms, serial_curves, eino_curves_02, eino_curves_03,
          eino_curves_03, chequers_serial_rivers_room_a
D:3:      layout_loops_ring, lemuel_coloured_pillars_altar,
          hellmonk_ecumenical_altar_heavens_door
D:4:      layout_basic, nicolae_dithmenos_the_darkroom,
          minmay_temple_entry_fiery, serial_bayou, serial_bayou_lake_a,
          serial_bayou_ford_a, serial_bayou_pond_c, serial_bayou_pond_e,
          hangedman_decor_growths, chequers_decorated_corner, uniq_eustachio,
          uniq_duvessa, uniq_purgy
D:5:      layout_basic, grunt_temple_overflow_opulence
D:6:      cheibrodos_iron_armory, layout_cave_pods,
          nicolae_sif_muna_little_library, kennysheep_mini_moat,
          portal_sewer_entry_a
D:7:      layout_loops_cross, nicolae_hepliaklqana_hazy_memory,
          grunt_qazlal_clouds, serial_shops, nicolae_shop_trees, minivault_26,
          uniq_harold, uniq_menkaure
D:8:      layout_loops_ring, xom_teletrap_fun, due_lair_maze_entry_diamond,
          minivault_27, the_hattery
D:9:      layout_loops_ring, mainiacjoe_overflow_catwalk_spiral,
          minmay_orc_entry_temple_small, serial_rivers,
          chequers_serial_rivers_room_b, chequers_serial_rivers_micro_a,
          chequers_serial_rivers_marsh, chequers_serial_rivers_small_a,
          serial_shops, shop, nicolae_square_shop
D:10:     layout_gridville, zin_purify, mainiacjoe_overflow_alcove_3,
          grunt_ministairs_14, st_stairs_5
Temple:   corrupted_temple
Lair:1:   layout_chaotic_city
Lair:2:   layout_cave_pods, serial_forest, infiniplex_forest_end_2,
          infiniplex_forest_straight_3, infiniplex_forest_lined_ring,
          infiniplex_forest_diagonal, infiniplex_forest_split,
          infiniplex_forest_lined_room_3, infiniplex_forest_clump_C,
          guppyfry_lair_drakes
Lair:3:   layout_regular_city, portal_ice_cave_entry_pillars_1,
          minmay_lair_oklob_chamber
Lair:4:   cheibrodos_lair_river_kwai, layout_hall_layers,
          elwin_shoals_entry_rocks, minmay_snake_entry_spellcaster,
          minivault_27, grunt_megastairs_1, uniq_nergalle
Lair:5:   layout_hall_layers
Lair:6:   cheibrodos_lair_end_hotspot, layout_gridlike,
          nicolae_slime_entry_slimehenge
Shoals:1: layout_shoals, nicolae_shoals_so_close
Shoals:2: layout_shoals, serial_shops, nicolae_shop_statue_plus
Shoals:3: layout_shoals, serial_shops, shop, nicolae_take_the_stairs,
          nzn_prometheus_bound

Skill      XL: |  1  2  3  4  5  6  7  8  9 10 11 12 13 14 |
---------------+-------------------------------------------+-----
Unarmed Combat | 4 5 6 7 8 10 11 14 15 16 17 | 17.3
Dodging        | 3 4 5 6 7 8 9 10 11 | 11.7
Stealth        | 3 4 |  4.0
Fighting       | 4 6 8 9 |  9.6
Fire Magic     | 4 6 |  6.1
Poison Magic   | 2 |  2.0
Spellcasting   | 3 |  3.5
Transmutations | 3 7 10 | 10.2
Translocations | 3 |  3.0

Action                   |  1- 3 |  4- 6 |  7- 9 | 10-12 | 13-15 || total
-------------------------+-------+-------+-------+-------+-------++-------
Melee: Unarmed           |    73 |   182 |   447 |   757 |  1106 ||  2565
       Tailslap          |    10 |    17 |    37 |    66 |   140 ||   270
       Punch             |     1 |     3 |    15 |    30 |    80 ||   129
       Headbutt          |       |     8 |    67 |   117 |   193 ||   385
Throw: Throwing net      |       |       |       |     1 |     1 ||     2
       Dart              |       |       |       |       |     3 ||     3
 Cast: Blade Hands       |       |       |       |       |     4 ||     4
 Abil: Breathe Fire      |       |       |    10 |     7 |    27 ||    44
Evoke: Wand              |       |       |     1 |       |     1 ||     2
  Use: Scroll            |     2 |     1 |     9 |     2 |     3 ||    17
       Potion            |     1 |     2 |     2 |     8 |       ||    13
 Stab: Sleeping          |     4 |       |    10 |    14 |    22 ||    50
       Distracted        |       |       |     1 |     1 |     3 ||     5
Armor: Skin              |    14 |    72 |   111 |   216 |   370 ||   783
Dodge: Dodged            |    29 |   134 |   326 |   619 |  1016 ||  2124

Table legend: (Time is in decaauts)
 A = Elapsed time spent in this place.
 B = Non-inter-level travel time spent in this place.
 C = Inter-level travel time spent in this place.
 D = Time resting spent in this place.
 E = Time spent auto-exploring this place.
 F = Levels seen in this place.
 G = Mean time per level.
                   A        B        C        D        E       F      G
               +--------+--------+--------+--------+--------+-----+--------+
         Total |  26400 |  24644 |   1756 |   7059 |  11869 |  22 | 1200.0 |
       Dungeon |  14160 |  13044 |   1116 |   3942 |   6725 |  10 | 1416.0 |
        Temple |     44 |     29 |     15 |      0 |     29 |   1 |   44.0 |
          Lair |   7902 |   7385 |    517 |   1578 |   3603 |   6 | 1317.0 |
        Shoals |   2579 |   2472 |    107 |    819 |   1095 |   3 |  859.7 |
         Sewer |    524 |    524 |      0 |      0 |    258 |   1 |  524.0 |
      Ice Cave |   1188 |   1188 |      0 |    720 |    158 |   1 | 1188.0 |
               +--------+--------+--------+--------+--------+-----+--------+

Top non-repeatable levels by time:
     D:7: 2263 daAuts
  Lair:2: 2259 daAuts
     D:4: 2085 daAuts
Shoals:1: 1478 daAuts
     D:8: 1449 daAuts
     D:3: 1408 daAuts
     D:6: 1387 daAuts
     D:9: 1377 daAuts
  Lair:1: 1317 daAuts
  Lair:4: 1295 daAuts
     D:1: 1292 daAuts
  Lair:3: 1290 daAuts
     D:5: 1200 daAuts
   IceCv: 1188 daAuts
  Lair:6: 1135 daAuts
